 Dungeon Crawl Stone Soup version 0.30-b1-2-g02819fbbbe (webtiles) character file.

Game seed: 1191761396712624773

65 sanka the Gusty (level 3, 26/26 HPs)
             Began as a Draconian Air Elementalist on May 18, 2023.
             Quit the game on level 2 of the Dungeon.
             The game lasted 00:03:53 (1323 turns).

sanka the Gusty (Draconian Air Elementalist)        Turns: 1323, Time: 00:03:54

Health: 26/26      AC:  5    Str: 10    XL:     3   Next: 94%
Magic:  6/6        EV: 12    Int: 17    God:
Gold:   102        SH:  0    Dex: 11    Spells: 3/6 levels left

rFire   . . .        e - +0 trident
rCold   . . .        (no shield)
rNeg    . . .        (body armour unavailable)
rPois   .            (helmet restricted)
rElec   .            (no cloak)
rCorr   .            (no gloves)
SInv    .            (no boots)
Will    .....        (no amulet)
Stlth   ++           (no ring)
HPRegen 0.24/turn    (no ring)
MPRegen 0.10/turn

%: no passive effects
@: no status effects
A: AC +5, unfitting armour, cold-blooded
a: no special abilities


You were on level 2 of the Dungeon.
You visited 1 branch of the dungeon, and saw 2 of its levels.

You collected 102 gold pieces.

Inventory:

Hand Weapons
 e - a +0 trident (weapon)
Scrolls
 c - 2 scrolls of fog {unknown}
 g - a scroll of fear {unknown}
Potions
 a - a potion of magic
 b - 3 potions of curing {unknown}
 d - a potion of heal wounds {unknown}
 f - a potion of mutation {unknown}


   Skills:
 - Level 1.7 Dodging
 - Level 1.7 Stealth
 - Level 2.0 Spellcasting
 + Level 3.4 Conjurations
 + Level 3.4 Air Magic


You had 3 spell levels left.
You knew the following spells:

 Your Spells              Type           Power      Damage    Failure   Level
a - Shock                 Conj/Air       52%        1d6       4%          1
b - Static Discharge      Conj/Air       26%        2-4/arc   7%          2

Your spell library contained the following spells:

 Spells                   Type           Power      Damage    Failure   Level
 Magic Dart               Conj           52%        1d5       4%          1
 Swiftness                Air            13%        N/A       14%         3
 Cigotuvi's Dreadful Rot  Necr/Pois/Air  10%        N/A       19%         2
 Mephitic Cloud           Conj/Pois/Air  9%         N/A       22%         3
 Call Imp                 Summ           2%         N/A       28%         2
 Airstrike                Air            6%         2d(1-17)  43%         4
 Dispel Undead            Necr           1%         3d6       88%         4
 Death Channel            Necr           0%         N/A       100%        6


Dungeon Overview and Level Annotations

Branches:
Dungeon (2/15)

Altars:


Innate Abilities, Weirdness & Mutations

Your plain brown scales are hard. (AC +5)
You cannot fit into any form of body armour.
You are cold-blooded and may be slowed by cold attacks.


Message History

The worm is heavily wounded.
The bat closely misses you. x2; The worm closely misses you.
The bat barely misses you.
You hit the worm but do no damage.
The worm is heavily wounded.
The bat barely misses you. The worm closely misses you.
The bat hits you but does no damage.
You puncture the worm!
The worm is almost dead.
The bat misses you. The worm barely misses you.
You hit the worm.
You kill the worm!
The bat misses you. The bat hits you but does no damage.
You barely miss the bat. The bat misses you.
The bat hits you but does no damage. x2
You barely miss the bat. The bat hits you but does no damage.
The bat barely misses you.
You barely miss the bat. The bat barely misses you.
The bat completely misses you.
You see here a ball python corpse.
The bat barely misses you. x2
You closely miss the bat. The bat hits you.
You reach to attack!
You closely miss the bat. The bat hits you but does no damage. x2
You barely miss the bat. The bat barely misses you.
The bat hits you but does no damage. The bat barely misses you.
You closely miss the bat. The bat closely misses you.
The bat barely misses you.
You closely miss the bat. The bat hits you.
You reach to attack!
You barely miss the bat. The bat hits you but does no damage.
You hit the bat but do no damage. The bat barely misses you. x2
You reach to attack!
You hit the bat.
You kill the bat!
No target in view!
No target in view!
No target in view!
You start resting.
HP restored.
Are you sure you want to abandon this character and quit the game? (Confirm with "yes".)

#.... #....
#...#################
+...+................
#...###...###........
#.....+...'..........
#...†##...##.........
#....##...##..#......
####@###.........[...
#...†.#.######.#..#.
#.#.#.#.# ######..#.
#.#...#.# #...##..#.
#...#...# #.#.##....
###.#...# #.#...#...
#.#...###.###.###.
#.#.#.#.....#...#.
#...#.#.#######.#.


There were no monsters in sight!

Vanquished Creatures
  3 gnolls
  2 worms
  2 endoplasms (D:1)
  2 giant cockroaches (D:1)
  A goblin (D:1)
  4 hobgoblins
  2 jackals (D:1)
  4 ball pythons
  4 bats
  3 frilled lizards
  2 kobolds
  3 rats (D:1)
32 creatures vanquished.

Notes
Turn   | Place    | Note
-------+----------+-------------------------------------------
     0 | D:1      | sanka the Draconian Air Elementalist began the quest for
                  | the Orb.
     0 | D:1      | Reached XP level 1. HP: 14/14 MP: 3/3
   277 | D:1      | Reached XP level 2. HP: 20/20 MP: 1/5
   815 | D:1      | HP: 1/20 [worm (8)]
   898 | D:1      | Learned a level 2 spell: Static Discharge
   997 | D:2      | Reached XP level 3. HP: 26/26 MP: 3/6
  1323 | D:2      | Quit the game

Illustrated notes

Levels and vault maps discovered:
D:1:      tarquinn_simple_flora_water_d, layout_rooms, hangedman_glass_teeth
D:2:      layout_basic

Skill      XL: |  1  2 |
---------------+-------+-----
Conjurations   | 2 3 |  3.4
Dodging        | |  1.7
Stealth        | |  1.7
Spellcasting   | |  2.0
Air Magic      | |  3.4

Action                     || total
---------------------------++-------
  Melee: Unarmed           ||     7
         Tailslap          ||     5
         Trident           ||    43
   Cast: Shock             ||    51
         Static Discharge  ||     2
 Armour: Skin              ||    28
  Dodge: Dodged            ||    63
